 Dungeon Crawl Stone Soup version 0.31-a0-569-g7ea453304b (webtiles) character file.

Game seed: 83428838921002960

123 Ethylacetat the Ducker (level 5, 0/36 HPs)
             Began as an Octopode Gladiator on Aug 18, 2023.
             Slain by Sigmund
             ... wielding a +1 scythe of protection
              (8 damage)
             ... on level 3 of the Dungeon.
             The game lasted 00:02:07 (1672 turns).

Ethylacetat the Ducker (Octopode Gladiator)         Turns: 1672, Time: 00:02:08

Health: 0/36       AC:  1    Str: 13    XL:     5   Next: 7%
Magic:  5/5        EV: 14    Int: 10    God:
Gold:   161        SH:  0    Dex: 16    Spells: 4/4 levels left

rFire   . .          .
                       - Unarmed
rCold   . . .        (no shield)
rNeg    . . .        a - +0 hat
rPois   .            (no amulet)
rElec   .            (no ring)
rCorr   .            (no ring)
SInv    .            (no ring)
Will    .....        (no ring)
Stlth   ++           (no ring)
HPRegen 0.26/turn    (no ring)
MPRegen 0.09/turn    (no ring)
                     (no ring)

%: no passive effects
@: no status effects
A: almost no armour, amphibious, 8 rings, camouflage 1, gelatinous body 1,
(nimble swimmer 1), tentacles
a: no special abilities


You were on level 3 of the Dungeon.
You visited 1 branch of the dungeon, and saw 3 of its levels.

You collected 161 gold pieces.

Inventory:

Missiles
 b - 3 throwing nets (quivered)
 c - a javelin
Armour
 a - a +0 hat (worn)
Jewellery
 i - an amulet of magic regeneration
Scrolls
 e - 9 scrolls of identify {unknown}
 h - 3 scrolls of teleportation {unknown}
 j - a scroll of vulnerability {unknown}
Potions
 d - 2 potions of degeneration {unknown}
 f - a potion of heal wounds {unknown}
 g - a potion of curing {unknown}


   Skills:
 + Level 3.1 Fighting
 + Level 3.0 Throwing
 + Level 3.7 Dodging
 + Level 3.7 Unarmed Combat


You had 4 spell levels left.
You didn't know any spells.
Your spell library contained the following spells:

 Spells                   Type           Power      Damage    Failure   Level
 Foxfire                  Conj/Fire      0%         2x1d4     36%         1
 Blink                    Tloc           0%         N/A       50%         2
 Manifold Assault         Tloc           0%         N/A       98%         4
 Plasma Beam              Fire/Air       0%         2x1d10    100%        6
 Starburst                Conj/Fire      0%         6d3       100%        6


Dungeon Overview and Level Annotations

Branches:
Dungeon (3/15)

Altars:

Annotations:
D:3 Sigmund


Innate Abilities, Weirdness & Mutations

You cannot wear most types of armour.
You are amphibious.
You can wear up to eight rings at the same time.
Your skin changes colour to match your surroundings (Stealth+).
Your rubbery body absorbs attacks. (AC +1, EV +1)
((You are camouflaged when in or above water. (Stealth+)))
You have tentacles for arms and can constrict up to eight enemies at once.


Message History

You tentacle-slap the ball python. Your grab misses the ball python.
Your squeeze misses the ball python.
The ball python is severely wounded.
The ball python bites you. The ball python grabs you.
The ball python constricts you.
A ball python is nearby!
You bludgeon the ball python!
You kill the ball python!
Sigmund the Dreaded comes into view.
He is wielding a +1 scythe of protection.
Found 3 stones.
Sigmund casts a spell at you.
You are confused.
You are too confused!
Sigmund is nearby!
You are too confused!
Sigmund is nearby!
You are too confused!
You're too confused to move!
Sigmund barely misses you.
Sigmund hits you with a +1 scythe of protection.
You miss Sigmund.
You feel less confused.
Sigmund hits you with a +1 scythe of protection!
You closely miss Sigmund. Your grab misses Sigmund.
Sigmund mumbles some strange words.
Sigmund flickers and vanishes!
Deactivating autopickup; reactivate with Ctrl-A.
You miss something. Something barely misses you.
You tentacle-slap something but do no damage.
You miss something. Your squeeze misses something. Something hits you!
You closely miss something. You barely miss something.
Something closely misses you.
You miss something. Something hits you.
You completely miss something. You completely miss something.
Something hits you.
* * * LOW HITPOINT WARNING * * *
You tentacle-slap something but do no damage.
Your squeeze misses something. You closely miss something. Something hits you!
You die...

.....................
###..............##.. #
##..............####
#.##...................
##.#...###########......
+.....#..###### #......
#............ #......
#...{..#.(.# #......
#....@...#.# #......
#..#.......# #......
#$.#.#######. #......
#............ #......
+....#..##.....# #######
#######..# ...# #######
##.# .[#
#.....#####'#+##..####
#....................#


There were no monsters in sight!

Vanquished Creatures
  Robin (D:2)
  A worm (D:2)
  7 dart slugs
  6 bats
  5 endoplasms
  3 giant cockroaches
  10 goblins
  9 hobgoblins
  14 jackals
  7 kobolds
  3 quokkas
  9 ball pythons
  3 frilled lizards
  5 rats
83 creatures vanquished.

Notes
Turn   | Place    | Note
-------+----------+-------------------------------------------
     0 | D:1      | Ethylacetat the Octopode Gladiator began the quest for the
                  | Orb.
     0 | D:1      | Reached XP level 1. HP: 14/14 MP: 1/1
    86 | D:1      | Reached XP level 2. HP: 19/19 MP: 2/2
   301 | D:1      | Reached XP level 3. HP: 25/25 MP: 3/3
   850 | D:2      | Reached XP level 4. HP: 23/30 MP: 4/4
   875 | D:2      | Noticed Robin
   896 | D:2      | Killed Robin
  1558 | D:3      | Reached XP level 5. HP: 36/36 MP: 5/5
  1654 | D:3      | Noticed Sigmund
  1672 | D:3      | Slain by Sigmund

Illustrated notes

Levels and vault maps discovered:
D:1:      dpeg_arrival_rhombi, layout_basic
D:2:      layout_rooms, uniq_robin
D:3:      layout_basic, ebering_ecumenical_altar_sacrificial,
          uniq_crazy_yiuf_cottage, uniq_sigmund

Skill      XL: |  1  2  3  4 |
---------------+-------------+-----
Fighting       | 3 |  3.1
Throwing       | 3 |  3.0
Dodging        | |  3.7
Unarmed Combat | |  3.7

Action                     |  1- 3 |  4- 6 || total
---------------------------+-------+-------++-------
  Melee: Unarmed           |    78 |    95 ||   173
         Constrict         |    27 |    27 ||    54
         Tentacles         |    19 |    22 ||    41
         Punch             |     4 |     2 ||     6
   Stab: Sleeping          |    10 |     4 ||    14
 Armour: Skin              |     4 |     6 ||    10
  Dodge: Dodged            |    37 |    62 ||    99

Table legend: (Time is in decaauts)
 A = Elapsed time spent in this place.
 B = Non-inter-level travel time spent in this place.
 C = Inter-level travel time spent in this place.
 D = Time resting spent in this place.
 E = Time spent auto-exploring this place.
 F = Levels seen in this place.
 G = Mean time per level.
                   A        B        C        D        E       F      G
               +--------+--------+--------+--------+--------+-----+--------+
         Total |   1661 |   1618 |     43 |      0 |   1237 |   3 |  553.7 |
       Dungeon |   1661 |   1618 |     43 |      0 |   1237 |   3 |  553.7 |
               +--------+--------+--------+--------+--------+-----+--------+

Top non-repeatable levels by time:
     D:2: 697 daAuts
     D:1: 532 daAuts
     D:3: 431 daAuts
